Map: Crête de Lerilak

Players

zidar

  • Race: Zerg Zerg
  • League: Silver
  • Spawn Location: 1:00

shabba - Winner!

  • Race: Zerg Zerg
  • League: Gold
  • Spawn Location: 7:00

VOD

Have the link to the VOD?

Description

Time

  • Played on: Jan. 24, 2016, 9:11 a.m.
  • Length: 7:08
Show
View Real Time Build Order
Export as new Build Order

zidar Zerg 

Build Orders: Pool First 

Get SALT Encoding   

  12  0:01  Drone  
  13  0:12  Overlord  
  13  0:17  Drone  
  14  0:33  Drone x2  
  16  0:37  Drone  
  17  0:44  Extractor  
  16  0:51  Spawning Pool  
  16  0:52  Drone  
  16  0:57  Drone  
  17  1:06  Drone  
  18  1:28  Drone x2  
  20  1:43  Metabolic Boost  
  20  1:45  Hatchery  
  19  1:52  Overlord  
  19  1:58  Queen  
  20  2:18  Zergling x2  
  20  2:19  Zergling x4  
  23  2:34  Overlord, Queen  
  25  2:43  Zergling x2  
  26  2:53  Zergling x2  
  27  2:59  Zergling x2  
  28  3:06  Roach Warren  
  27  3:17  Zergling x10  
  28  3:46  Roach x3  
  28  3:47  Roach x4  
  42  4:17  Overlord  
  42  4:19  Lair  
  42  4:32  Drone x2  
  42  4:38  Drone x3  
  34  5:05  Roach x8  
  34  5:06  Roach  
  44  5:18  Extractor, Drone x2  
  44  5:20  Extractor  
  44  5:23  Extractor  
  28  5:46  Roach x6  
  30  6:03  Spine Crawler  
  29  6:06  Spine Crawler  
  28  6:30  Hatchery  
  27  6:34  Drone  
Show
View Real Time Build Order
Export as new Build Order

shabba Zerg - Winner!

Build Orders: 1 Base Baneling Bust, Pool First 

Get SALT Encoding   

  12  0:02  Drone  
  13  0:13  Overlord  
  13  0:17  Drone  
  14  0:31  Drone x2  
  14  0:35  Drone  
  17  0:38  Extractor  
  16  0:49  Spawning Pool  
  15  0:52  Drone  
  16  1:06  Drone  
  17  1:11  Drone  
  18  1:25  Drone  
  18  1:32  Drone  
  20  1:41  Baneling Nest  
  20  1:42  Zergling x2  
  20  1:49  Queen  
  20  1:52  Overlord  
  22  2:14  Metabolic Boost  
  22  2:25  Baneling  
  22  2:28  Baneling  
  22  2:34  Extractor  
  21  2:44  Hatchery  
  21  2:50  Drone x3  
  23  3:03  Zergling x6  
  26  3:15  Zergling x2  
  26  3:19  Queen  
  29  3:28  Evolution Chamber  
  27  3:35  Baneling  
  27  3:36  Baneling  
  27  3:42  Zergling x6  
  27  3:44  Overlord  
  29  4:10  Lair  
  29  4:14  Zergling x10  
  34  4:28  Roach Warren, Zergling x6  
  34  4:29  Zergling x2  
  37  4:47  Zergling x10  
  37  4:48  Zergling x2  
  39  5:02  Zergling x8  
  39  5:03  Zergling x2  
  32  5:55  Zergling x8  
  32  5:56  Zergling x12  
  42  6:11  Baneling x2  
  42  6:12  Baneling x6  
  42  6:25  Drone x2  
Tags
 
Add a new tag
Caveats
  • Supply blocks, unpowered buildings, or Contaminate may cause inaccurate times.
  • Supply counts are checked every 10 seconds.